 Dungeon Crawl Stone Soup version 0.22-a0-614-g34fbaa0 (webtiles) character file.

2183 Ekaitz the Stinger (level 9, -2/57 HPs)
             Began as an Octopode Venom Mage on July 20, 2018.
             Was a Priest of Fedhas.
             Slain by a centaur (3 damage)
             ... on level 7 of the Dungeon.
             The game lasted 00:26:23 (5993 turns).

Ekaitz the Stinger (Octopode Venom Mage)            Turns: 5993, Time: 00:26:24

Health: -2/57      AC:  1    Str:  7    XL:     9   Next: 33%
Magic:  5/14       EV: 15    Int: 18    God:    Fedhas [***...]
Gold:   263        SH:  0    Dex: 15    Spells: 0/15 levels left

rFire    . . .     SeeInvis .   c - +1 dagger (venom)
rCold    . . .     Gourm    .   (no shield)
rNeg     . . .     Faith    .   (helmet restricted)
rPois    +         Spirit   .   (no amulet)
rElec    .         Reflect  .   m - ring of poison resistance
rCorr    .         Harm     .   (no ring)
MR       .....                  (no ring)
Stlth    ++++......             (no ring)
HPRegen  0.19/turn              (no ring)
MPRegen  0.14/turn              (no ring)
                                (no ring)
                                (no ring)

@: no status effects
A: almost no armour, stealthy swim, amphibious, 8 rings, constrict 8, camouflage
1, gelatinous body 1
a: Fungal Bloom, Evolution, Sunlight, Growth, Renounce Religion


You were on level 7 of the Dungeon.
You worshipped Fedhas.
Fedhas was most pleased with you.
You were very hungry.

You visited 1 branch of the dungeon, and saw 7 of its levels.
You also visited: Sewer.

You collected 263 gold pieces.

Inventory:

Hand Weapons
 c - a +1 dagger of venom (weapon)
 o - a +0 short sword of venom
 p - a +3 quarterstaff of chaos
 x - a +0 hand crossbow
 y - the cursed +2 shortbow of Equilibrium {flame, rPois rF- rC++ Stlth+}
   (You found it on level 4 of the Dungeon)

   It causes projectiles fired from it to burn those they strike, causing extra
   injury to most foes and up to half again as much damage against particularly
   susceptible opponents.
   It makes you vulnerable to fire.
   It greatly protects you from cold.
   It protects you from poison.
   It makes you more stealthy.
   It has a curse placed upon it.
 A - a +0 falchion
 D - a +2 spear of venom
 F - a +2 flail of protection
 I - a cursed -3 short sword
 K - a +0 blowgun
 N - a +1 spear of venom
 P - a +0 shortbow
 Q - a +0 falchion of holy wrath
Missiles
 n - 152 arrows
 v - 34 poisoned needles
 E - 8 needles of sleeping
 G - 65 bolts
Armour
 j - a +0 shield
 X - a +1 pair of gloves
 Y - a +1 cloak
 Z - a +2 pair of boots
Jewellery
 m - a ring of poison resistance (left tentacle)
Wands
 r - a wand of random effects (51)
 s - a wand of acid (4)
 L - a wand of disintegration (14)
 M - a wand of paralysis (15)
Scrolls
 d - 2 scrolls of immolation {unknown}
 e - 2 scrolls of fog {unknown}
 g - 11 scrolls of identify
 k - 3 scrolls of blinking {unknown}
 l - 4 scrolls of teleportation {unknown}
 t - 3 scrolls of magic mapping {unknown}
 w - 3 scrolls of remove curse {unknown}
 B - a scroll of noise {unknown}
 C - a scroll of enchant armour {unknown}
 S - a scroll of fear {unknown}
Potions
 a - 3 potions of might {unknown}
 f - 3 potions of lignification {unknown}
 h - 2 potions of flight {unknown}
 i - 3 potions of brilliance {unknown}
 q - a potion of mutation {unknown}
 u - a potion of degeneration {unknown}
 z - a potion of heal wounds {unknown}
 H - a potion of curing {unknown}
 J - a potion of magic {unknown}
 O - a potion of haste {unknown}
 R - a potion of agility {unknown}
Comestibles
 b - 14 rations


   Skills:
 + Level 3.5 Fighting
 + Level 4.5(4.6) Short Blades
 + Level 0.1(2.7) Long Blades
 + Level 3.9 Dodging
 + Level 6.1 Stealth
 + Level 3.7 Spellcasting
 + Level 2.9 Conjurations
 - Level 4.0 Air Magic
 + Level 6.5 Poison Magic
 * Level 4.6 Invocations


You couldn't memorise any spells.
You knew the following spells:

 Your Spells              Type           Power        Failure   Level  Hunger
a - Sting                 Conj/Pois      ###.         2%          1    None
b - Poisonous Vapours     Pois/Air       ###...       2%          2    ##.....
c - Mephitic Cloud        Conj/Pois/Air  ###.....     7%          3    ###....
d - Olgreb's Toxic Radia  Pois           ####....     10%         4    ####...
e - Venom Bolt            Conj/Pois      ###.......   52%         5    ######.

Your spell library contained the following spells:

 Spells                   Type           Power        Failure   Level  Hunger


Dungeon Overview and Level Annotations

Branches:
Dungeon (7/15)
 Temple: D:4-7

Altars:
Dithmenos
Elyvilon
Fedhas
Qazlal
Ru
Wu Jian
Xom


Innate Abilities, Weirdness & Mutations

You cannot wear most types of armour.
You are very stealthy in the water. (Stealth+)
You are amphibious.
You can wear up to eight rings at the same time.
You can use your tentacles to constrict eight enemies at once.
Your skin changes colour to match your surroundings (Stealth+).
Your rubbery body absorbs attacks. (AC +1, EV +1)


Message History

Unknown command.
Casting: Poisonous Vapours (safe; 2% risk of failure)
Confirm with . or Enter, or press ? or * to list all spells.
Aiming: Poisonous Vapours (safe; 2% risk of failure)
Press: ? - help, Dir - move target cursor, f/p - centaur
Aim: a centaur (moderately wounded, poisoned) Poisonous vapours surround the centaur!
The centaur is engulfed in poison gas.
The centaur looks even sicker.
The centaur wields a shortbow.
The centaur shoots an arrow.
The arrow closely misses you.
The centaur shoots an arrow.
The arrow hits you.
* * * LOW HITPOINT WARNING * * *
You hear an angry hiss.
You see here an arrow.
Unknown command.
A leopard gecko comes into view.
The orc wizard misses you.
The centaur unwields an uncursed shortbow.
The centaur hits you.
You die...
Fedhas appreciates your contribution to the ecosystem.

#... ###....#.....#
#...#######....#.....#
...............+.....+
....[.........#.....# ..
#.........#######.) ...
#.........# #.....)
....##....>....# #......
#.......#...# #......
###)..@...#...####.....
..(.).co(.(#............
.....l#+#######.........
...... ......... .....
......... #####
....###.. . #.... #...
....... #....
....####........ #....


You could see a centaur, an orc wizard and a leopard gecko.

Vanquished Creatures
  Edmund (D:5)
  3 sky beasts
  A centaur (D:6)
  3 ogres
  4 big kobolds
  A scorpion (D:4)
  A wight (D:7)
  2 crimson imps
  2 orc priests
  Crazy Yiuf (D:2)
  Terence (D:2)
  2 jellies (D:6)
  8 orc wizards (D:6)
  A centaur skeleton (D:4)
  5 iguanas
  Ijyb (D:5)
  5 worker ants
  A hound skeleton (D:6)
  12 adders
  3 river rats (Sewer)
  2 shadow imps (D:5)
  An ooze (D:4)
  5 worms
  7 dart slugs
  4 leopard geckos
  23 orcs
  4 ball pythons
  2 giant cockroaches (D:3)
  13 goblins
  11 hobgoblins
  9 jackals
  5 quokkas
  3 bats
  5 frilled lizards
  22 kobolds
  2 leopard gecko skeletons
  A quokka skeleton (D:7)
  13 rats
190 creatures vanquished.

Vanquished Creatures (others)
  A worker ant zombie (D:6)
  88 toadstools
89 creatures vanquished.

Grand Total: 279 creatures vanquished

Notes
Turn   | Place    | Note
-------+----------+-------------------------------------------
     0 | D:1      | Ekaitz the Octopode Venom Mage began the quest for the Orb.
     0 | D:1      | Reached XP level 1. HP: 11/11 MP: 3/3
   177 | D:1      | Reached skill level 1 in Fighting
   177 | D:1      | Reached XP level 2. HP: 18/18 MP: 5/5
   181 | D:1      | Learned a level 2 spell: Poisonous Vapours
   546 | D:1      | Reached XP level 3. HP: 17/23 MP: 0/6
   551 | D:1      | Learned a level 3 spell: Mephitic Cloud
   794 | D:2      | Reached skill level 1 in Air Magic
   832 | D:2      | Noticed Terence
   889 | D:2      | Killed Terence
   889 | D:2      | Reached XP level 4. HP: 16/29 MP: 0/7
  1152 | D:2      | Reached skill level 1 in Short Blades
  1314 | D:2      | Found a runed door.
  1318 | D:2      | Noticed Crazy Yiuf
  1347 | D:2      | Killed Crazy Yiuf
  1347 | D:2      | Reached XP level 5. HP: 18/34 MP: 0/8
  1833 | D:3      | Found a white marble altar of Elyvilon.
  1833 | D:3      | Found a shadowy altar of Dithmenos.
  1833 | D:3      | Found a stormy altar of Qazlal.
  2021 | D:3      | Found a blossoming altar of Fedhas.
  2055 | D:3      | Became a worshipper of Fedhas Madash
  2439 | D:4      | Noticed an ogre
  2506 | D:4      | Killed an ogre
  2506 | D:4      | Reached XP level 6. HP: 25/41 MP: 3/9
  2530 | D:4      | Got an ancient shortbow
  2901 | D:4      | Reached * piety under Fedhas
  3038 | D:4      | Reached skill level 5 in Poison Magic
  3136 | D:4      | Found a shadowy altar of Dithmenos.
  3172 | D:5      | Entered Level 5 of the Dungeon
  3183 | D:5      | Noticed Ijyb
  3187 | D:5      | Reached XP level 7. HP: 46/46 MP: 10/10
  3207 | D:5      | Killed Ijyb
  3277 | D:5      | Reached skill level 1 in Invocations
  3330 | D:5      | Found a sacrificial altar of Ru.
  3366 | D:5      | Found an ornate altar of the Wu Jian Council.
  3367 | D:5      | Noticed Edmund
  3376 | D:5      | Killed Edmund
  3451 | D:5      | Found a glowing drain.
  3456 | Sewer    | Entered a sewer
  3635 | Sewer    | Reached XP level 8. HP: 41/52 MP: 5/11
  3649 | Sewer    | Learned a level 4 spell: Olgreb's Toxic Radiance
  4272 | D:5      | Reached skill level 5 in Stealth
  4274 | D:5      | Reached ** piety under Fedhas
  4701 | D:6      | Identified the cursed +2 shortbow of Equilibrium {flame, rPois rF- rC++ Stlth+} (You found it on level 4 of the Dungeon)
  5060 | D:6      | Reached XP level 9. HP: 57/57 MP: 9/14
  5105 | D:6      | Found a shimmering altar of Xom.
  5880 | D:7      | Reached *** piety under Fedhas
  5926 | D:7      | Learned a level 5 spell: Venom Bolt
  5992 | D:7      | HP: 1/57 [centaur/arrow (3)]
  5993 | D:7      | Slain by a centaur

Vault maps used:
D:1:      matt_arrival_refuge
D:2:      uniq_crazy_yiuf_cottage, uniq_terence
D:3:      old_standard_altar, gammafunk_temple_overflow_claw
D:4:      cheibrodos_greedy_goblins, first_ration,
          grunt_dithmenos_smoke_and_mirrors
D:5:      old_standard_altar, portal_sewer_entry_e, hangedman_ru_absence,
          uniq_ijyb, uniq_edmund
D:6:      minmay_flawed_box, dk_xom_monty_hall
D:7:      gammafunk_temple_overflow_statue, minmay_temple_entry_nine_rooms,
          enter_bailey_2, grunt_livestock
Sewer:    sewer_co_tree

Skill      XL: |  1  2  3  4  5  6  7  8  9 |
---------------+----------------------------+-----
Fighting       | 1 2 3 |  3.5
Poison Magic   | 4 5 6 |  6.5
Stealth        | 3 4 5 6 |  6.1
Air Magic      | 1 2 3 4 |  4.0
Short Blades   | 1 2 3 4 |  4.5
Conjurations   | 2 |  2.9
Dodging        | 3 |  3.9
Invocations    | 2 3 4 |  4.6
Spellcasting   | 3 |  3.7
Long Blades    | |  0.1

Action                   |  1- 3 |  4- 6 |  7- 9 || total
-------------------------+-------+-------+-------++-------
Melee: Dagger            |    24 |   116 |   210 ||   350
       Constrict         |     7 |    29 |    44 ||    80
       Tentacles         |     2 |    16 |    33 ||    51
       Falchion          |       |       |     4 ||     4
 Cast: Sting             |    20 |    27 |    24 ||    71
       Poisonous Vapours |     6 |    15 |    42 ||    63
       Mephitic Cloud    |       |     1 |     4 ||     5
       Olgreb's Toxic Ra |       |       |     1 ||     1
Invok: Fungal Bloom      |       |    10 |    22 ||    32
  Use: Scroll            |       |       |     1 ||     1
 Stab: Sleeping          |     8 |    12 |    19 ||    39
       Confused          |       |       |     2 ||     2
  Eat: Chunk             |       |     9 |    11 ||    20
Armor: Skin              |     2 |     5 |     5 ||    12
Dodge: Dodged            |    24 |    75 |    89 ||   188

Table legend:
 A = Spawn XP
 B = Non-spawn XP
 C = Spawn XP percentage of total XP
 D = Spawn monster count
 E = Non-spawn monster count
 F = Spawn count percentage of total count
 G = Total turns spent on level
                    A         B        C        D         E        F      G
               +---------+---------+-------+---------+---------+-------+---------
         Total |       0 |    3119 |   0.0 |       0 |     190 |   0.0 |  5993
               +---------+---------+-------+---------+---------+-------+---------
           D:1 |       0 |      35 |   0.0 |       0 |      18 |   0.0 |   746
           D:2 |       0 |     134 |   0.0 |       0 |      24 |   0.0 |   824
           D:3 |       0 |      64 |   0.0 |       0 |      27 |   0.0 |   860
           D:4 |       0 |     383 |   0.0 |       0 |      29 |   0.0 |   742
           D:5 |       0 |     558 |   0.0 |       0 |      15 |   0.0 |   662
           D:6 |       0 |    1167 |   0.0 |       0 |      32 |   0.0 |  1204
           D:7 |       0 |     342 |   0.0 |       0 |      17 |   0.0 |   231
         Sewer |       0 |     436 |   0.0 |       0 |      28 |   0.0 |   724
               +---------+---------+-------+---------+---------+-------+---------
